 Seeded DCSS version 0.28.0-61-g67df4f89a8 (webtiles) character file.

Game seed: 7525391049535536568 (custom seed)

18 tkbsonic5 the Chiller (level 2, 20/20 HPs)
             Began as a Formicid Ice Elementalist on Feb 13, 2023.
             Quit the game on level 2 of the Dungeon.
             The game lasted 00:05:05 (1084 turns).

tkbsonic5 the Chiller (Formicid Ice Elementalist)   Turns: 1084, Time: 00:05:05

Health: 20/20      AC:  2    Str: 12    XL:     2   Next: 90%
Magic:  2/5        EV: 12    Int: 14    God:
Gold:   47         SH:  0    Dex: 11    Spells: 4/6 levels left

rFire   . . .      SeeInvis +   d - +0 short sword
rCold   . . .      Faith    .   (no shield)
rNeg    . . .      Spirit   .   a - +0 robe
rPois   .          Reflect  .   (helmet unavailable)
rElec   .          Harm     .   (no cloak)
rCorr   .          Rampage  .   (no gloves)
Will    .....                   (no boots)
Stlth   ++........              (no amulet)
HPRegen 0.06/turn               (no ring)
MPRegen 0.09/turn               (no ring)

@: very slightly contaminated
A: permanent stasis, dig shafts and tunnels, antennae 3, four strong arms
a: Dig, Shaft Self


You were on level 2 of the Dungeon.
You visited 1 branch of the dungeon, and saw 2 of its levels.

You collected 47 gold pieces.

Inventory:

Hand Weapons
 d - a +0 short sword (weapon)
Missiles
 c - 14 arrows
Armour
 a - a +0 robe (worn)
Potions
 b - a potion of magic {unknown}


   Skills:
 * Level 0.9 Fighting
 + Level 0.5 Short Blades
 - Level 1.7 Dodging
 - Level 2.5 Stealth
 * Level 2.5 Spellcasting
 * Level 0.3 Conjurations
 * Level 4.1 Ice Magic


You had 4 spell levels left.
You knew the following spells:

 Your Spells              Type           Power      Damage    Failure   Level
a - Freeze                Ice            52%        1d7       4%          1
b - Magic Dart            Conj           8%         1d3       19%         1

Your spell library contained the following spells:

 Spells                   Type           Power      Damage    Failure   Level
 Frozen Ramparts          Ice            26%        1d4       12%         3
 Ozocubu's Armour         Ice            13%        N/A       12%         3
 Call Imp                 Summ           1%         N/A       34%         2
 Mephitic Cloud           Conj/Pois/Air  2%         N/A       54%         3
 Hailstorm                Conj/Ice       8%         3d4       65%         4


Dungeon Overview and Level Annotations

Branches:
Dungeon (2/15)

Altars:


Innate Abilities, Weirdness & Mutations

You cannot be hasted, slowed, berserked, paralysed or teleported.
You can dig through walls and to a lower floor.
You have a pair of large antennae on your head. (SInv)
Your four strong arms can wield two-handed weapons with a shield.


Message History

There is a faded altar of an unknown god here.
There is an open door here.
There is a faded altar of an unknown god here.
Done exploring.
You aren't carrying any scrolls.
Done exploring.
(D) Dungeon
Where to? (Enter - D:2, ? - help)
What level of the Dungeon? (default 1, ? - help)
There is an open door here.
You see here 2 stones.
There is an open door here.
You see here 18 stones.
There is a stone staircase leading down here.
You climb downwards.
There is a stone staircase leading up here.
A kobold comes into view. It is wielding a +0 club.
The magic dart hits the kobold.
The kobold is moderately wounded.
The magic dart hits the kobold.
The kobold is severely wounded.
The magic dart hits the kobold but does no damage.
The kobold is severely wounded.
You closely miss the kobold.
The kobold is moderately wounded.
The kobold hits you with a +0 club.
You hit the kobold.
You kill the kobold!
No target in view!
Magic restored.
HP restored.
A kobold comes into view. It is wielding a +1 dagger of speed.
You miscast Magic Dart.
You are very lightly contaminated with residual magic.
Nothing appears to happen.
The magic dart hits the kobold.
The kobold is moderately wounded.
The kobold shouts!
You miscast Magic Dart.
Nothing appears to happen.
Are you sure you want to abandon this character and quit the game? (Confirm with "yes".)

#. ....### #. .. ... #.
...... ##.#.#....######
..$..##.#......
#..K.##.....#
#..#.<....# #.@....<#
#######.######.#
.........).....#
###############.########
#.............#.#
#.########......# #.#
######## #.# #.#


You could see a kobold.

Vanquished Creatures
  2 ball pythons (D:1)
  An endoplasm (D:1)
  A goblin (D:1)
  3 hobgoblins (D:1)
  2 bats (D:1)
  A frilled lizard (D:1)
  5 kobolds
15 creatures vanquished.

Vanquished Creatures (collateral kills)
  A hobgoblin (D:1)
1 creature vanquished.

Vanquished Creatures (others)
  2 plants (D:1)
2 creatures vanquished.

Grand Total: 18 creatures vanquished

Notes
Turn   | Place    | Note
-------+----------+-------------------------------------------
     0 | D:1      | tkbsonic5 the Formicid Ice Elementalist began the quest for
                  | the Orb.
     0 | D:1      | Reached XP level 1. HP: 13/13 MP: 3/3
    90 | D:1      | Found a faded altar of an unknown god.
   381 | D:1      | Learned a level 1 spell: Magic Dart
   452 | D:1      | Reached XP level 2. HP: 17/20 MP: 1/5
  1084 | D:2      | Quit the game

Illustrated notes

Levels and vault maps discovered:
D:1:      saegor_arrival_simple_a, layout_rooms,
          hellmonk_ecumenical_altar_inner_sanctum, serial_bayou_pond_b
D:2:      layout_basic

Action                   || total
-------------------------++-------
Melee: Short sword       ||    13
 Cast: Freeze            ||     9
       Magic Dart        ||    23
  Use: Scroll            ||     2
Armor: Robe              ||     3
Dodge: Dodged            ||    13
